 Dungeon Crawl Stone Soup version 0.31-a0-1074-g0b22e4e0f1 (webtiles) character file.

Game seed: 13567732458781389297

8364 monsoonserge the Grappler (level 11, -6/101 HPs)
             Began as a Troll Shapeshifter on Dec 1, 2023.
             Was an Elder of Wu Jian.
             Mangled by a large abomination (26 damage)
             ... on level 1 of the Abyss.
             The game lasted 00:29:38 (6571 turns).

monsoonserge the Grappler (Troll Shapeshifter)      Turns: 6571, Time: 00:29:38

Health: -6/101     AC: 10    Str: 28    XL:     11   Next: 8%
Magic:  0/10       EV: 10    Int:  6    God:    Wu Jian [****..]
Gold:   203        SH:  0    Dex:  9    Spells: 10/10 levels left

rFire   + +          .
                       - Unarmed
rCold   . . .        (shield currently unavailable)
rNeg    . . .        I - +0 steam dragon scales
rPois   .            (helmet restricted)
rElec   .            C - +2 cloak {Stlth+}
rCorr   .            (gloves unavailable)
SInv    .            (boots unavailable)
Will    ++...        p - amulet of Ypnut {Spirit -Cast rF++ Regen+}
Stlth   +            K - ring of willpower
HPRegen 1.96/turn    a - ring of willpower
MPRegen 0.12/turn

%: no spellcasting, guardian spirit
@: flux-form, glowing
A: glow, contaminating, large, unfitting armour, claws 3, regeneration 1, shaggy
fur 1, tough skin 1
a: Begin Untransformation, Renounce Religion, Wall Jump, Serpent's Lash


You were on level 1 of the Abyss.
You worshipped Wu Jian.
Wu Jian was greatly pleased with you.
You were something dangerously unstable.
You visited 2 branches of the dungeon, and saw 10 of its levels.
You visited the Abyss 1 time.
You also visited: Sewer and Bailey.

You collected 534 gold pieces.
You spent 331 gold pieces at shops.

Inventory:

Missiles
 c - 4 poisoned darts
 m - 5 boomerangs
 B - a curare-tipped dart
 E - 3 large rocks
Armour
 C - a +2 cloak of stealth (worn)
 I - +0 steam dragon scales (worn)
Jewellery
 a - a ring of willpower (right claw)
 p - the amulet of Ypnut (around neck) {Spirit -Cast rF++ Regen+}
   (You took it off an orc on level 3 of the Dungeon)

   [amulet of guardian spirit]

   Spirit:    It causes incoming damage to be divided between your reserves of
   health and magic.
   rF++:      It greatly protects you from fire.
   -Cast:     It prevents spellcasting.
   Regen+:    It increases your rate of health regeneration.
 A - a ring of flight
 K - a ring of willpower (left claw)
Talismans
 d - a flux talisman (active)
 J - a blade talisman
Wands
 o - a wand of flame (36) (quivered)
 t - a wand of acid (6)
 y - a wand of mindburst (34)
 z - a wand of charming (8)
 F - a wand of polymorph (10)
 G - a wand of iceblast (5)
Scrolls
 e - a scroll of enchant weapon
 g - a scroll of summoning
 h - 6 scrolls of teleportation
 i - 2 scrolls of poison
 u - 2 scrolls of blinking
 w - 2 scrolls of revelation
 x - 3 scrolls of immolation
 D - a scroll of fog
 H - 2 scrolls of amnesia {unknown}
 L - a scroll of fear
Potions
 b - 4 potions of lignification
 f - a potion of invisibility
 j - 3 potions of curing
 l - 3 potions of mutation {unknown}
 n - 3 potions of resistance
 q - a potion of brilliance
 r - 5 potions of might
 s - a potion of heal wounds
 v - 3 potions of enlightenment
 M - a potion of cancellation
 N - a potion of berserk rage


   Skills:
 * Level 4.6 Fighting
 + Level 0.8 Throwing
 + Level 4.9 Dodging
 * Level 0.3 Stealth
 + Level 12.6 Unarmed Combat
 * Level 2.8 Evocations
 + Level 7.9 Shapeshifting


You had 10 spell levels left.
You didn't know any spells.
Your spell library contained the following spells:

 Spells                   Type           Power      Damage    Failure   Level
 Apportation              Tloc           0%         N/A       45%         1
 Sandblast                Erth           0%         2d4       45%         1
 Ensorcelled Hibernation  Hex/Ice        0%         N/A       58%         2
 Jinxbite                 Hex            0%         N/A       58%         2
 Passwall                 Tmut/Erth      0%         N/A       58%         2
 Stone Arrow              Conj/Erth      0%         3d7       83%         3
 Anguish                  Hex/Necr       0%         N/A       99%         4
 Brom's Barrelling Bould  Conj/Erth      0%         2d3       99%         4
 Cause Fear               Hex            0%         N/A       99%         4
 Alistair's Intoxication  Tmut/Pois      0%         N/A       100%        5
 Enfeeble                 Hex            0%         N/A       100%        7


Dungeon Overview and Level Annotations

Branches:
Dungeon (9/15)             Temple (1/1) D:7           Sewer (visited)
 Bailey (visited)
   Lair: D:8-11         Orc: D:9-12

Altars:
Ashenzari
Cheibriados
Dithmenos
Elyvilon
Fedhas
Gozag
Hepliaklqana
Kikubaaqudgha
Makhleb
Nemelex Xobeh
Okawaru
Qazlal
Ru
Sif Muna
Trog
Uskayaw
Vehumet
Wu Jian
Xom
Yredelemnul
Zin
The Shining One

Shops:
D:4 *   D:9 !*

Annotations:
D:8 1 runed translucent door, ranchalot's ghost, novice OpSh
D:9 Psyche


Innate Abilities, Weirdness & Mutations

You are something dangerously unstable.
You glow with magical radiation, making you easy to see and hit.
Foes you strike become dangerously contaminated with magical radiation.
You are incapable of wielding weapons or throwing items.
You are too large for most types of armour.
You have claws for hands.
Your natural rate of healing is unusually fast.
You are covered in fur. (AC +1)
You have tough skin. (AC +1)


Message History

The flying skull is lightly damaged.
The fire bat bites you but does no damage.
The flying skull hits you but does no damage.
Unknown command.
You spin and attack the flying skull.
You scratch the flying skull.
The flying skull glows dangerously bright.
The flying skull is moderately damaged.
You spin and attack the flying skull.
You claw the flying skull!
The flying skull begins to glow.
The flying skull is heavily damaged.
You are suddenly pulled into a different region of the Abyss!
You start resting.
A large abomination comes into view.
You feel less exhausted.
Your attacks no longer feel as feeble.
Aiming: Mindburst
Press: ? - help, Shift-Dir - straight line, f - large abomination
Aim: a large abomination (not susceptible)
Okay, then.
Okay, then.
Press: ? - help, v - describe, . - travel
Here: a large abomination The floor.
Aiming: Corrosive Bolt
Press: ? - help, Shift-Dir - straight line, f - large abomination
Aim: a large abomination (90% to hit)
The bolt of acid misses the large abomination.
You feel your health improve.
Okay, then.
You lunge at the large abomination.
You claw the large abomination!
The large abomination begins to glow.
The large abomination is moderately damaged.
The large abomination hits you!
* * * LOW HITPOINT WARNING * * *
Unknown command.
You scratch the large abomination.
The large abomination glows dangerously bright.
The large abomination is heavily damaged.
The large abomination hits you!!
You die...

# #### . ..# #..##
#. #...
#####..##.### .. ..#
#.#.Xp......# . .
... #.#...#.##.#
...#####.##.##.....#
..#.....
#.X##.....## #......
.###..#..##.# #
...##X.. .....###
##. ..#..##....#..
###...#. .... ##. .
.#...#. . .#.#


You could see a large abomination (heavy contam).

Vanquished Creatures
  2 vault guards (Bailey)
  A sixfirhy (Abyss:1)
  A large abomination (Abyss:1)
  Joseph (D:7)
  Jeremiah (D:7)
  2 ancient zymes (Abyss:1)
  Prince Ribbit (Bailey)
  A wyvern (D:9)
  A fire bat (Abyss:1)
  4 humans (Bailey)
  2 steam dragons
  A water moccasin (D:5)
  Duvessa (D:7)
  3 orc warriors
  A black bear (D:5)
  5 phantoms
  A kobold brigand (D:6)
  11 bullfrogs
  A gnoll sergeant (D:8)
  A scorpion (D:7)
  14 wights
  Dowan (D:7)
  5 killer bees (D:8)
  3 howler monkeys
  An electric eel (D:6)
  3 hounds
  Crazy Yiuf (D:4)
  2 jellies
  3 orc priests
  A sleepcap (D:6)
  2 iguanas
  Ijyb (D:5)
  2 orc wizards
  Robin (D:3)
  11 gnolls
  13 adders
  A river rat (Sewer)
  3 shadow imps
  A white imp (D:8)
  3 worms
  3 dart slugs
  20 orcs
  5 endoplasms
  4 giant cockroaches
  8 hobgoblins
  10 kobolds
  6 quokkas
  9 ball pythons
  5 bats
  12 frilled lizards
  20 goblins
  14 rats
230 creatures vanquished.

Notes
Turn   | Place    | Note
-------+----------+-------------------------------------------
     0 | D:1      | monsoonserge the Troll Shapeshifter began the quest for the
                  | Orb.
     0 | D:1      | Reached XP level 1. HP: 18/18 MP: 0/0
   103 | D:1      | Reached XP level 2. HP: 19/26 MP: 1/1
   242 | D:1      | Reached skill level 4 in Unarmed Combat
   272 | D:1      | Reached XP level 3. HP: 30/32 MP: 2/2
   643 | D:2      | Found a faded altar of an unknown god.
   767 | D:2      | Found a shimmering blue altar of Sif Muna.
  1115 | D:3      | Reached XP level 4. HP: 40/40 MP: 3/3
  1180 | D:3      | Found a sparkling altar of Nemelex Xobeh.
  1186 | D:3      | Found an ornate altar of the Wu Jian Council.
  1195 | D:3      | Found a basalt altar of Yredelemnul.
  1196 | D:3      | Became a worshipper of the Wu Jian Council
  1204 | D:3      | Found a white marble altar of Elyvilon.
  1235 | D:3      | Reached skill level 5 in Unarmed Combat
  1259 | D:3      | Noticed Robin
  1268 | D:3      | Reached XP level 5. HP: 46/46 MP: 4/4
  1272 | D:3      | Killed Robin
  1292 | D:3      | Identified the amulet of Ypnut {Spirit -Cast rF++ Regen+}
  1620 | D:4      | Reached * piety under Wu Jian
  1751 | D:4      | Found a runed translucent door.
  1752 | D:4      | Noticed Crazy Yiuf
  1851 | D:4      | Found Ducibol's Specific Store.
  1856 | D:4      | Found Ritafru's General Store.
  1868 | D:4      | Bought a potion of heal wounds for 55 gold pieces
  1868 | D:4      | Bought a scroll of teleportation for 33 gold pieces
  1872 | D:4      | Bought a scroll of noise for 14 gold pieces
  1882 | D:4      | Noticed a phantom
  1889 | D:4      | Killed a phantom
  1890 | D:4      | Reached skill level 6 in Unarmed Combat
  1890 | D:4      | Reached XP level 6. HP: 54/54 MP: 5/5
  1972 | D:4      | You fall into a shaft and drop 2 floors!
  1986 | D:6      | Noticed a steam dragon
  2003 | D:6      | Killed a steam dragon
  2004 | D:6      | Reached skill level 1 in Fighting
  2025 | D:6      | Reached skill level 7 in Unarmed Combat
  2025 | D:6      | Reached XP level 7. HP: 54/62 MP: 4/6
  2078 | D:6      | Found a glowing drain.
  2083 | Sewer    | Entered a sewer
  2109 | Sewer    | Reached ** piety under Wu Jian
  2427 | D:5      | Entered Level 5 of the Dungeon
  2689 | D:5      | Reached skill level 8 in Unarmed Combat
  2704 | D:5      | Noticed Ijyb
  2707 | D:5      | Reached XP level 8. HP: 72/72 MP: 7/7
  2708 | D:5      | Killed Ijyb
  3196 | D:6      | Reached skill level 1 in Evocations
  3258 | D:6      | Reached *** piety under Wu Jian
  3303 | D:6      | Identified the +2 mace of the Durable God {antimagic, rC+
                  | rN+ Dex+3}
  3334 | D:6      | Reached skill level 9 in Unarmed Combat
  3799 | D:4      | Killed Crazy Yiuf
  3804 | D:4      | Identified the +5 hammer of Bloodstone {antimagic, rPois
                  | rN+ Dex+2}
  3864 | D:7      | Noticed Joseph
  3914 | D:7      | Noticed Jeremiah
  3926 | D:7      | Noticed Duvessa
  3926 | D:7      | Noticed Dowan
  4042 | D:7      | Reached skill level 5 in Shapeshifting
  4045 | D:7      | Killed Dowan
  4046 | D:7      | Killed Duvessa
  4047 | D:7      | Reached XP level 9. HP: 51/80 MP: 4/8
  4079 | D:7      | Found an opulent altar of Gozag.
  4079 | D:7      | Found a glowing silver altar of Zin.
  4119 | D:7      | Killed Jeremiah
  4120 | D:7      | Reached skill level 10 in Unarmed Combat
  4199 | D:7      | Found a flagged portal.
  4270 | Bailey   | Entered a bailey
  4374 | Bailey   | Noticed Prince Ribbit
  4376 | Bailey   | Noticed a vault guard
  4387 | Bailey   | Killed Prince Ribbit
  4387 | Bailey   | Reached skill level 11 in Unarmed Combat
  4391 | Bailey   | Killed a vault guard
  4392 | Bailey   | Reached XP level 10. HP: 35/91 MP: 2/9
  4517 | Bailey   | Noticed a vault guard
  4528 | Bailey   | Killed a vault guard
  4742 | D:7      | Found a staircase to the Ecumenical Temple.
  4752 | Temple   | Entered the Ecumenical Temple
  4842 | D:7      | Killed Joseph
  5360 | D:8      | Reached **** piety under Wu Jian
  5491 | D:8      | Reached skill level 12 in Unarmed Combat
  5841 | D:8      | Found a runed translucent door.
  5842 | D:8      | Noticed a manticore
  5843 | D:8      | Noticed ranchalot's ghost (novice OpSh)
  6124 | D:9      | Found Fifru's General Store.
  6127 | D:9      | Bought a scroll of fear for 60 gold pieces
  6225 | D:9      | Found Hanimosch's Distillery.
  6232 | D:9      | Bought a potion of cancellation for 104 gold pieces
  6232 | D:9      | Bought a potion of berserk rage for 65 gold pieces
  6265 | D:9      | Noticed Psyche
  6271 | Abyss:1  | Cast into level 1 of the Abyss (Psyche)
  6294 | Abyss:1  | Noticed a large abomination
  6298 | Abyss:1  | Killed a large abomination
  6301 | Abyss:1  | Found a corrupted altar of Lugonu.
  6306 | Abyss:1  | Found a corrupted altar of Lugonu.
  6306 | Abyss:1  | Found a corrupted altar of Lugonu.
  6329 | Abyss:1  | Noticed a rakshasa
  6329 | Abyss:1  | Noticed a sixfirhy
  6337 | Abyss:1  | Killed a sixfirhy
  6338 | Abyss:1  | Reached XP level 11. HP: 25/101 MP: 1/10
  6341 | Abyss:1  | HP: 1/101 [rakshasa/+0 long sword (7)]
  6344 | Abyss:1  | Noticed a thrashing horror
  6524 | Abyss:1  | Noticed a wretched star
  6571 | Abyss:1  | Mangled by a large abomination

Illustrated notes

Levels and vault maps discovered:
D:1:      onia_arrival_handbag, layout_basic
D:2:      layout_loops_ring, hellmonk_ecumenical_altar_inner_sanctum,
          basic_altar
D:3:      layout_basic, nicolae_overflow_macrodata_refinement, uniq_robin
D:4:      layout_cave_pools, nicolae_specific_store, minmay_bisected,
          uniq_crazy_yiuf_cottage
D:5:      layout_gridville, serial_bayou_lagoon_b, uniq_ijyb
D:6:      nicolae_BIG_FREAKIN_CUBE, layout_basic,
          mainiacjoe_sewer_entry_somewhere_in_here_2, chequers_big_river
D:7:      layout_rooms, grunt_temple_overflow_gold_and_silver,
          lemuel_temple_firewalk_b, enter_bailey_8, uniq_joseph, uniq_jeremiah,
          uniq_duvessa
D:8:      layout_loops_corners, ebering_ghost_inner_flame
D:9:      nzn_winding_woodlands_large [nzn_winding_woodlands_5x5_closed_star,
          nzn_winding_woodlands_5x15_default,
          nzn_winding_woodlands_5x5_open_star,
          nzn_winding_woodlands_center_garden,
          nzn_winding_woodlands_15x15_thick_spiral,
          nzn_winding_woodlands_center_triple_pond,
          nzn_winding_woodlands_5x5_cross, nzn_winding_woodlands_5x15_longhouse,
          nzn_winding_woodlands_5x5_default], layout_basic, serial_glass,
          glass_columns_b, glass_columns_a, serial_shops, nicolae_shop_stone,
          shop_statue, shop, nicolae_shop_behind_doors, uniq_psyche
Temple:   nicolae_temple_x_marks_the_god
Abyss:1:  base:
D:4

Skill      XL: |  1  2  3  4  5  6  7  8  9 10 |
---------------+-------------------------------+-----
Unarmed Combat | 4 5 6 7 8 9 11 12 | 12.6
Dodging        | 2 3 4 |  4.9
Fighting       | 1 2 3 4 |  4.6
Shapeshifting  | 4 5 6 7 |  7.9
Evocations     | 2 |  2.8
Throwing       | |  0.8
Stealth        | |  0.3

Action                     |  1- 3 |  4- 6 |  7- 9 | 10-12 || total
---------------------------+-------+-------+-------+-------++-------
  Melee: Unarmed           |    72 |   118 |   256 |   203 ||   649
         Punch             |       |     2 |    10 |       ||    12
  Throw: Boomerang         |       |       |     4 |       ||     4
         Dart              |       |       |     1 |       ||     1
 Invoke: Serpent's Lash    |       |       |     1 |     1 ||     2
Ability: Lunge             |       |     6 |    39 |    22 ||    67
         Whirlwind         |       |     1 |    52 |    54 ||   107
  Evoke: Wand              |       |       |     3 |     5 ||     8
    Use: Scroll            |     3 |     7 |     5 |     3 ||    18
         Potion            |       |       |     1 |     3 ||     4
   Stab: Sleeping          |     1 |       |     2 |       ||     3
         Distracted        |       |       |       |     1 ||     1
 Armour: Animal skin       |    46 |    55 |   115 |    55 ||   271
         Steam dragon scal |       |       |       |    91 ||    91
  Dodge: Dodged            |    25 |    44 |    70 |    71 ||   210
   Form: Flux              |       |       |     1 |       ||     1

Table legend: (Time is in decaauts)
 A = Elapsed time spent in this place.
 B = Non-inter-level travel time spent in this place.
 C = Inter-level travel time spent in this place.
 D = Time resting spent in this place.
 E = Time spent auto-exploring this place.
 F = Levels seen in this place.
 G = Mean time per level.
                   A        B        C        D        E       F      G
               +--------+--------+--------+--------+--------+-----+--------+
         Total |   6496 |   6129 |    367 |    293 |   3171 |  13 |  499.7 |
       Dungeon |   5535 |   5168 |    367 |     74 |   3026 |   9 |  615.0 |
        Temple |      4 |      4 |      0 |      0 |      0 |   1 |    4.0 |
         Abyss |    274 |    274 |      0 |    138 |      0 |   1 |  274.0 |
         Sewer |    314 |    314 |      0 |      0 |     97 |   1 |  314.0 |
        Bailey |    368 |    368 |      0 |     81 |     48 |   1 |  368.0 |
               +--------+--------+--------+--------+--------+-----+--------+

Top non-repeatable levels by time:
     D:8: 1067 daAuts
     D:6: 869 daAuts
     D:7: 668 daAuts
     D:2: 636 daAuts
     D:5: 591 daAuts
     D:4: 591 daAuts
     D:1: 463 daAuts
     D:3: 452 daAuts
  Bailey: 368 daAuts
   Sewer: 314 daAuts
 Abyss:1: 274 daAuts
     D:9: 194 daAuts
  Temple: 4 daAuts
